[ AOE2 MATCH · #505753147 ]
UnrankedKhitans vs Hindustanis
Player's team · WIN
[ REPLAY ANALYSIS · EXTRACTED FROM THE RECORDED GAME ]
Feudal
12:10
Castle
31:41
Imperial
—
| APM avg | 36.0 |
| APM peak | 64 |
| eAPM avg | 21.8 |
| Villagers / military | 200 / 96 |
Focus
⚔️ 38.4% · 🌾 61.6%
Scout Cavalry ×43 · Unknown (1920) ×25 · Archer ×14 · Scorpion ×12 · Spearman ×10 · Battering Ram ×7
Feudal
11:38
Castle
38:03
Imperial
—
| APM avg | 59.7 |
| APM peak | 124 |
| eAPM avg | 24.2 |
| Villagers / military | 211 / 152 |
Focus
⚔️ 40.2% · 🌾 59.8%
Archer ×78 · Scout Cavalry ×40 · Skirmisher ×14 · Camel Scout ×8 · Petard ×6 · Mangonel ×3
Match map
Initial resources + every placement click. Lines = walls · curves = elevation contours. ◆ gold · ⬟ stone · ● berries · ✦ relic · ◌ wall gap
Your base· ✓ Map-separated
DK | Mauseren's base· ✓ Map-separated
Smoothed initial terrain · ◌ = detected wall gap · hover for details
Inputs per minute
— NachoMontes - - DK | Mauseren
Build order — NachoMontes
First 150 of 491 actions detected
| 0:11 | Build | Town Center |
| 0:30 | Build | House |
| 2:23 | Create | Villager (Male) |
| 2:23 | Create | Villager (Male) |
| 2:28 | Create | Villager (Male) |
| 2:33 | Create | Villager (Male) |
| 3:52 | Create | Villager (Male) |
| 3:52 | Create | Villager (Male) |
| 3:53 | Create | Villager (Male) |
| 4:09 | Build | House |
| 4:52 | Build | House |
| 5:00 | Create | Villager (Male) |
| 5:00 | Create | Villager (Male) |
| 5:00 | Create | Villager (Male) |
| 5:09 | Build | House |
| 5:29 | Build | House |
| 5:32 | Build | House |
| 5:40 | Create | Villager (Male) |
| 6:37 | Create | Villager (Male) |
| 6:46 | Build | House |
| 6:47 | Create | Villager (Male) |
| 7:13 | Create | Villager (Male) |
| 7:17 | Create | Villager (Male) |
| 7:32 | Build | Lumber Camp |
| 7:45 | Create | Villager (Male) |
| 8:05 | Research | Loom |
| 8:12 | Create | Villager (Male) |
| 8:14 | Build | House |
| 8:40 | Build | House |
| 8:45 | Research | Loom |
| 9:10 | Create | Villager (Male) |
| 9:18 | Build | Barracks |
| 9:57 | Research | Feudal Age |
| 10:22 | Create | Villager (Male) |
| 10:22 | Create | Villager (Male) |
| 10:36 | Build | Mining Camp |
| 10:39 | Create | Villager (Male) |
| 11:09 | Create | Villager (Male) |
| 11:19 | Build | House |
| 11:30 | Create | Villager (Male) |
| 11:44 | Create | Villager (Male) |
| 11:49 | Build | Outpost |
| 11:52 | Build | House |
| 12:10 | Age | Feudal Age |
| 12:13 | Create | Spearman |
| 12:13 | Create | Spearman |
| 12:19 | Build | Watch Tower |
| 12:33 | Build | House |
| 12:39 | Research | Town Watch |
| 12:45 | Build | Archery Range |
| 12:58 | Create | Villager (Male) |
| 13:00 | Research | Double-Bit Axe |
| 13:16 | Create | Villager (Male) |
| 13:23 | Create | Villager (Male) |
| 13:38 | Build | Mining Camp |
| 13:42 | Create | Archer |
| 14:35 | Create | Villager (Male) |
| 14:37 | Create | Villager (Male) |
| 14:39 | Build | House |
| 14:58 | Build | House |
| 15:00 | Build | House |
| 15:02 | Create | Villager (Male) |
| 15:08 | Build | House |
| 15:15 | Create | Villager (Male) |
| 15:19 | Create | Villager (Male) |
| 15:45 | Build | Watch Tower |
| 15:58 | Create | Spearman |
| 15:59 | Create | Archer |
| 16:17 | Create | Villager (Male) |
| 16:23 | Build | House |
| 16:43 | Create | Villager (Male) |
| 16:44 | Create | Archer |
| 16:45 | Create | Villager (Male) |
| 17:09 | Build | Palisade Wall |
| 17:10 | Build | Palisade Wall |
| 17:10 | Build | Palisade Wall |
| 17:15 | Build | Palisade Wall |
| 17:16 | Build | Palisade Wall |
| 17:16 | Build | Palisade Wall |
| 17:21 | Create | Villager (Male) |
| 17:40 | Create | Villager (Male) |
| 17:44 | Build | Mill |
| 17:46 | Create | Villager (Male) |
| 17:47 | Create | Archer |
| 17:54 | Build | Blacksmith |
| 18:01 | Build | House |
| 18:24 | Create | Villager (Male) |
| 18:25 | Create | Archer |
| 18:28 | Build | Pasture |
| 18:29 | Build | Pasture |
| 19:01 | Create | Villager (Male) |
| 19:05 | Build | Watch Tower |
| 19:10 | Research | Fletching |
| 19:11 | Create | Villager (Male) |
| 19:16 | Build | House |
| 19:37 | Build | Palisade Wall |
| 19:38 | Build | Palisade Wall |
| 19:47 | Build | Pasture |
| 19:51 | Create | Spearman |
| 20:18 | Build | Pasture |
| 20:24 | Create | Villager (Male) |
| 20:49 | Build | Watch Tower |
| 20:53 | Create | Archer |
| 20:53 | Create | Villager (Male) |
| 21:05 | Create | Villager (Male) |
| 21:15 | Create | Archer |
| 21:25 | Create | Archer |
| 21:26 | Create | Villager (Male) |
| 21:34 | Build | House |
| 21:43 | Create | Villager (Male) |
| 21:56 | Build | Pasture |
| 21:57 | Create | Villager (Male) |
| 22:07 | Create | Spearman |
| 22:10 | Create | Archer |
| 22:27 | Create | Villager (Male) |
| 22:38 | Create | Villager (Male) |
| 23:05 | Create | Villager (Male) |
| 23:17 | Create | Villager (Male) |
| 23:24 | Build | Watch Tower |
| 23:25 | Create | Villager (Male) |
| 23:31 | Create | Spearman |
| 23:34 | Build | House |
| 23:45 | Create | Villager (Male) |
| 23:49 | Build | House |
| 24:22 | Create | Archer |
| 24:53 | Create | Villager (Male) |
| 24:56 | Create | Archer |
| 25:06 | Create | Villager (Male) |
| 25:10 | Create | Villager (Male) |
| 25:16 | Create | Villager (Male) |
| 25:20 | Create | Villager (Male) |
| 25:34 | Create | Villager (Male) |
| 25:43 | Build | House |
| 25:53 | Build | Pasture |
| 25:56 | Create | Villager (Male) |
| 26:11 | Create | Villager (Male) |
| 26:24 | Create | Archer |
| 26:30 | Build | Market |
| 26:32 | Build | Pasture |
| 26:58 | Create | Villager (Male) |
| 27:07 | Create | Villager (Male) |
| 27:11 | Create | Spearman |
| 27:13 | Create | Archer |
| 27:14 | Create | Villager (Male) |
| 27:24 | Create | Villager (Male) |
| 27:25 | Create | Villager (Male) |
| 27:39 | Build | House |
| 27:45 | Create | Villager (Male) |
| 28:12 | Create | Villager (Male) |
| 28:22 | Create | Villager (Male) |
Build order — DK | Mauseren
First 150 of 546 actions detected
| 0:14 | Build | Town Center |
| 2:06 | Build | House |
| 2:25 | Create | Villager (Male) |
| 2:25 | Create | Villager (Male) |
| 2:28 | Create | Villager (Male) |
| 3:06 | Create | Villager (Male) |
| 3:43 | Create | Villager (Male) |
| 3:44 | Create | Villager (Male) |
| 3:47 | Build | House |
| 4:05 | Create | Villager (Male) |
| 4:05 | Create | Villager (Male) |
| 4:36 | Create | Villager (Male) |
| 5:06 | Build | Palisade Wall |
| 5:17 | Build | Palisade Gate |
| 5:22 | Build | Palisade Gate |
| 5:27 | Build | House |
| 5:42 | Build | Palisade Gate |
| 5:43 | Create | Villager (Male) |
| 5:44 | Create | Villager (Male) |
| 6:08 | Create | Villager (Male) |
| 6:10 | Create | Villager (Male) |
| 6:14 | Build | House |
| 6:37 | Create | Villager (Male) |
| 6:50 | Create | Villager (Male) |
| 6:55 | Build | House |
| 7:11 | Build | Mill |
| 7:20 | Create | Villager (Male) |
| 7:58 | Create | Villager (Male) |
| 8:14 | Create | Villager (Male) |
| 8:44 | Research | Loom |
| 8:56 | Build | Mining Camp |
| 8:59 | Build | Mining Camp |
| 9:28 | Research | Feudal Age |
| 9:58 | Build | Palisade Wall |
| 11:02 | Create | Villager (Male) |
| 11:08 | Build | Barracks |
| 11:38 | Age | Feudal Age |
| 11:39 | Create | Villager (Male) |
| 12:07 | Build | Stable |
| 12:10 | Create | Villager (Male) |
| 12:10 | Create | Villager (Male) |
| 12:12 | Create | Villager (Male) |
| 12:31 | Create | Spearman |
| 12:39 | Create | Scout Cavalry |
| 12:39 | Create | Scout Cavalry |
| 12:47 | Build | Watch Tower |
| 12:47 | Create | Villager (Male) |
| 12:53 | Create | Villager (Male) |
| 12:59 | Create | Scout Cavalry |
| 13:28 | Build | House |
| 13:32 | Create | Scout Cavalry |
| 14:14 | Create | Villager (Male) |
| 15:15 | Create | Villager (Male) |
| 15:22 | Create | Villager (Male) |
| 15:37 | Create | Villager (Male) |
| 15:55 | Create | Scout Cavalry |
| 16:00 | Create | Villager (Male) |
| 16:22 | Create | Villager (Male) |
| 16:35 | Build | House |
| 16:36 | Build | House |
| 16:46 | Create | Scout Cavalry |
| 17:05 | Create | Villager (Male) |
| 17:09 | Build | Farm |
| 17:12 | Build | Farm |
| 17:14 | Create | Villager (Male) |
| 17:29 | Create | Villager (Male) |
| 17:39 | Create | Scout Cavalry |
| 17:39 | Create | Villager (Male) |
| 17:43 | Build | Farm |
| 17:43 | Create | Villager (Male) |
| 18:00 | Build | Mining Camp |
| 18:04 | Create | Villager (Male) |
| 18:11 | Create | Scout Cavalry |
| 18:12 | Create | Villager (Male) |
| 18:30 | Create | Villager (Male) |
| 18:31 | Create | Villager (Male) |
| 18:32 | Create | Villager (Male) |
| 18:40 | Create | Villager (Male) |
| 18:46 | Build | House |
| 18:47 | Build | Palisade Wall |
| 18:59 | Create | Villager (Male) |
| 19:04 | Create | Villager (Male) |
| 19:22 | Create | Villager (Male) |
| 19:48 | Create | Villager (Male) |
| 19:50 | Build | House |
| 20:14 | Create | Villager (Male) |
| 20:19 | Create | Villager (Male) |
| 20:21 | Build | Palisade Wall |
| 20:24 | Build | House |
| 20:32 | Create | Scout Cavalry |
| 20:32 | Create | Scout Cavalry |
| 20:34 | Create | Villager (Male) |
| 20:38 | Build | Lumber Camp |
| 20:40 | Create | Villager (Male) |
| 20:45 | Create | Villager (Male) |
| 21:01 | Build | Watch Tower |
| 21:17 | Create | Villager (Male) |
| 21:19 | Create | Villager (Male) |
| 21:21 | Build | Mill |
| 21:25 | Create | Villager (Male) |
| 21:45 | Create | Scout Cavalry |
| 21:50 | Create | Villager (Male) |
| 21:56 | Build | Blacksmith |
| 21:57 | Research | Double-Bit Axe |
| 22:04 | Create | Villager (Male) |
| 22:13 | Research | Bloodlines |
| 22:13 | Research | Bloodlines |
| 22:23 | Build | Archery Range |
| 22:58 | Build | Farm |
| 22:59 | Create | Villager (Male) |
| 23:01 | Build | Farm |
| 23:02 | Build | Farm |
| 23:03 | Build | Farm |
| 23:10 | Create | Villager (Male) |
| 23:52 | Create | Villager (Male) |
| 23:58 | Create | Villager (Male) |
| 24:09 | Create | Villager (Male) |
| 24:18 | Create | Villager (Male) |
| 24:29 | Create | Villager (Male) |
| 24:32 | Build | House |
| 24:33 | Build | House |
| 24:36 | Create | Skirmisher |
| 24:36 | Create | Skirmisher |
| 24:58 | Create | Villager (Male) |
| 25:01 | Build | Farm |
| 25:19 | Create | Villager (Male) |
| 25:20 | Create | Skirmisher |
| 25:20 | Create | Skirmisher |
| 25:21 | Create | Villager (Male) |
| 25:36 | Create | Skirmisher |
| 25:50 | Build | Farm |
| 25:51 | Build | Farm |
| 25:51 | Build | Farm |
| 25:51 | Build | Farm |
| 25:55 | Create | Villager (Male) |
| 26:25 | Create | Skirmisher |
| 26:29 | Create | Skirmisher |
| 26:36 | Research | Fletching |
| 26:36 | Research | Fletching |
| 27:08 | Create | Villager (Male) |
| 27:12 | Create | Villager (Male) |
| 27:21 | Create | Villager (Male) |
| 27:22 | Create | Skirmisher |
| 27:22 | Create | Skirmisher |
| 27:39 | Research | Padded Archer Armor |
| 27:43 | Create | Villager (Male) |
| 27:44 | Create | Villager (Male) |
| 27:49 | Build | House |
| 27:49 | Build | House |
| 27:49 | Build | House |
Match timeline
| 5:06 | DK | Mauseren · wall_segment Palisade Wall x1 |
| 9:18 | NachoMontes · first_building Barracks |
| 9:58 | DK | Mauseren · wall_segment Palisade Wall x7 |
| 11:08 | DK | Mauseren · first_building Barracks |
| 11:38 | DK | Mauseren · age_up feudal |
| 12:07 | DK | Mauseren · first_building Stable |
| 12:10 | NachoMontes · age_up feudal |
| 12:45 | NachoMontes · first_building Archery Range |
| 17:09 | NachoMontes · wall_segment Palisade Wall x1 |
| 17:10 | NachoMontes · wall_segment Palisade Wall x1 |
| 17:10 | NachoMontes · wall_segment Palisade Wall x1 |
| 17:15 | NachoMontes · wall_segment Palisade Wall x1 |
| 17:16 | NachoMontes · wall_segment Palisade Wall x1 |
| 17:16 | NachoMontes · wall_segment Palisade Wall x1 |
| 18:47 | DK | Mauseren · wall_segment Palisade Wall x1 |
| 19:37 | NachoMontes · wall_segment Palisade Wall x1 |
| 19:38 | NachoMontes · wall_segment Palisade Wall x1 |
| 20:21 | DK | Mauseren · wall_segment Palisade Wall x1 |
| 22:23 | DK | Mauseren · first_building Archery Range |
| 28:40 | NachoMontes · first_market_buy 100 food |
| 28:45 | NachoMontes · first_market_sell 100 wood |
| 31:41 | NachoMontes · age_up castle |
| 31:44 | NachoMontes · first_building Castle |
| 32:14 | NachoMontes · first_building Siege Workshop |
| 34:24 | DK | Mauseren · first_market_buy 100 food |
| 38:03 | DK | Mauseren · age_up castle |
| 42:22 | NachoMontes · first_building Monastery |
| 42:51 | DK | Mauseren · first_market_sell 100 food |
| 42:54 | DK | Mauseren · first_building Siege Workshop |
| 48:09 | NachoMontes · first_building Stable |
| 50:11 | DK | Mauseren · first_building Castle |
| 57:58 | DK | Mauseren · resign |
[ AI ANALYSIS · 1 CREDIT ]
What really happened in this match?
Wolo.gg analyzes every decision: build order, eco, micro, common mistakes by bracket. Personalized analysis on WhatsApp or Discord in 30 seconds.
Civ guide
Khitans
Perfil
Jugador #2768283